 Dungeon Crawl Stone Soup version 0.21-a0-229-g3587535 (webtiles) character file.

63 motkurip the Ruffian (level 3, 0/37 HPs)
             Began as a Troll Monk on Sept 1, 2017.
             Slain by an orc priest
             ... wielding a +0 flail
              (7 damage)
             ... on level 3 of the Dungeon.
             The game lasted 00:01:42 (1426 turns).

motkurip the Ruffian (Troll Monk)                   Turns: 1426, Time: 00:01:44

Health: 0/37       AC:  5    Str: 19    XL:     3   Next: 89%
Magic:  2/2        EV: 10    Int:  6    God:
Gold:   126        SH:  0    Dex: 13    Spells: 2/2 levels left

rFire    . . .     SeeInvis .     - Unarmed
rCold    . . .     Gourm    +   (no shield)
rNeg     . . .     Faith    .   a - +0 robe
rPois    .         Spirit   .   (helmet restricted)
rElec    .         Reflect  .   (no cloak)
rCorr    .         Harm     .   (gloves unavailable)
MR       .....                  (boots unavailable)
Stlth    ++........             (no amulet)
HPRegen  0.52/turn              (no ring)
MPRegen  0.08/turn              (no ring)

@: starving
A: unfitting armour, claws 3, fast metabolism 3, gourmand, regeneration 1,
shaggy fur 1, tough skin 2
a: no special abilities


You were on level 3 of the Dungeon.
You were starving.

You visited 1 branch of the dungeon, and saw 3 of its levels.

You collected 126 gold pieces.

Inventory:

Armour
 a - a +0 robe (worn)
Wands
 o - a wand of lightning (8/15)
Scrolls
 d - 2 scrolls of identify {unknown}
 g - a scroll of teleportation {unknown}
 i - a scroll of noise {unknown}
 j - a scroll of enchant armour {unknown}
 k - 5 scrolls of remove curse {unknown}
 p - 2 scrolls of recharging {unknown}
 q - a scroll of fear {unknown}
Potions
 c - a potion of brilliance {unknown}
 e - a potion of haste {unknown}
 f - a potion of mutation {unknown}
 h - a potion of curing {unknown}
 l - 2 potions of might {unknown}
 n - a potion of berserk rage {unknown}
Comestibles
 b - 5 bread rations
 m - a meat ration


   Skills:
 + Level 3.0 Fighting
 - Level 2.4 Dodging
 - Level 1.0 Stealth
 * Level 4.3 Unarmed Combat


You had 2 spell levels left.
You didn't know any spells.

Dungeon Overview and Level Annotations

Branches:
Dungeon (3/15)

Altars:


Innate Abilities, Weirdness & Mutations

You are too large for most types of armour.
You have claws for hands.
Your metabolism is lightning-fast.
You like to eat raw meat.
Your natural rate of healing is unusually fast.
You are covered in fur. (AC +1)
You have very tough skin. (AC +2)


Message History

Beogh smites you! The orc barely misses you. x2
You scratch the orc.
The orc is lightly wounded.
The orc closely misses you. The orc hits you. The orc completely misses you.
Unknown command.
You claw the orc!
You kill the orc!
The orc hits you but does no damage.
The orc priest mumbles some strange prayers to Beogh against you.
Beogh smites you!
* * * LOW HITPOINT WARNING * * *
The orc closely misses you.
You closely miss the orc. The orc closely misses you.
The orc barely misses you.
Unknown command.
You scratch the orc priest but do no damage.
The orc hits you.
* * * LOW HITPOINT WARNING * * *
The orc priest hits you with a flail!
You die...

≈...≈...............##.##.# #.#
≈≈≈≈...........#######.##.# #.#
≈≈≈≈≈≈.........# #.##.# #.#
≈≈≈≈.≈.........# #.##.# #.#
.≈≈≈≈≈..<......# #.##.# #.#
≈≈≈≈≈..........# ###.##.# #.#
.≈≈≈.≈.........# #......# #.#
≈≈≈≈....############.#....# #.#
≈≈≈≈≈≈..#.....oo@....#.#.#####.#
≈≈≈≈≈...+......oo....#.....#...#
≈..≈≈≈..#............#.#.#.#.###
..≈.... ............#.#.....#
...##########.#.#.#.#### ..
#.#.#.#....# . #.#.#.######
..#.#.. ###.###


You could see an orc priest and 3 orcs.

Vanquished Creatures
  2 adders
  2 dart slugs
  3 leopard geckos
  2 orcs (D:3)
  A giant cockroach (D:1)
  6 goblins
  6 bats
  3 frilled lizards
  7 kobolds
  4 rats
36 creatures vanquished.

Notes
Turn   | Place    | Note
-------+----------+-------------------------------------------
     0 | D:1      | motkurip the Troll Monk began the quest for the Orb.
     0 | D:1      | Reached XP level 1. HP: 22/22 MP: 0/0
   110 | D:1      | Reached XP level 2. HP: 29/29 MP: 1/1
   799 | D:2      | Reached XP level 3. HP: 36/36 MP: 2/2
   829 | D:2      | Reached skill level 4 in Unarmed Combat
  1270 | D:3      | Found a faded altar of an unknown god.
  1426 | D:3      | Slain by an orc priest

Vault maps used:
D:1:      dpeg_arrival_subterranean_lakeside_camping, minivault_5
D:2:      first_bread
D:3:      chequers_ecumenical_altar_island

Skill      XL: |  1  2  3 |
---------------+----------+-----
Unarmed Combat | 4 |  4.3
Fighting       | 3 |  3.0
Dodging        | |  2.4
Stealth        | |  1.0

Action                   || total
-------------------------++-------
Melee: Unarmed           ||   108
 Stab: Sleeping          ||     6
  Eat: Chunk             ||     3
       Meat ration       ||     1
Armor: Robe              ||    60
Dodge: Dodged            ||    55

Table legend:
 A = Spawn XP
 B = Non-spawn XP
 C = Spawn XP percentage of total XP
 D = Spawn monster count
 E = Non-spawn monster count
 F = Spawn count percentage of total count
 G = Total turns spent on level
                    A         B        C        D         E        F      G
               +---------+---------+-------+---------+---------+-------+---------
         Total |       5 |      86 |   5.5 |       2 |      34 |   5.6 |  1426
               +---------+---------+-------+---------+---------+-------+---------
           D:1 |       5 |      30 |  14.3 |       2 |      19 |   9.5 |   739
           D:2 |       0 |      31 |   0.0 |       0 |      10 |   0.0 |   529
           D:3 |       0 |      25 |   0.0 |       0 |       5 |   0.0 |   158
               +---------+---------+-------+---------+---------+-------+---------
